Map: Central Protocol

Players

ElvonMF - Winner!

  • Race: Terran Terran

A.I. 1 (Hard)

  • Race: Terran Terran

VOD

Have the link to the VOD?

Description

Uploaded for own performance analysis ;-)

Time

  • Played on: Dec. 12, 2015, 9:39 a.m.
  • Length: 11:55
Show
View Real Time Build Order
Export as new Build Order

ElvonMF Terran - Winner!

Build Orders: Liberator Opening 

Get SALT Encoding   

  12  0:01  SCV  
  13  0:16  Supply Depot  
  13  0:17  SCV  
  14  0:29  SCV  
  15  0:40  Barracks  
  15  0:41  SCV  
  16  0:53  SCV  
  16  0:54  Refinery  
  17  1:05  SCV  
  18  1:15  Supply Depot  
  18  1:18  SCV  
  19  1:25  Refinery  
  19  1:27  Marine  
  19  1:30  Barracks  
  20  1:39  Orbital Command  
  20  1:52  Marine  
  21  2:05  Factory  
  21  2:07  SCV  
  22  2:14  Marine  
  23  2:19  SCV  
  23  2:20  Barracks Reactor  
  24  2:32  SCV, Marine  
  26  2:44  SCV  
  26  2:50  Factory Tech Lab, Starport, Marine  
  28  2:54  Factory Reactor  
  28  2:56  SCV  
  29  3:02  Marine x2  
  31  3:16  Supply Depot  
  31  3:23  Supply Depot  
  31  3:32  Liberator x2  
  31  3:34  Supply Depot  
  31  3:37  Marine x2  
  31  3:38  SCV  
  34  3:43  Factory Tech Lab  
  34  3:46  Marine  
  35  3:55  Marine  
  42  4:15  Siege Tank  
  45  4:22  Supply Depot  
  45  4:25  Liberator  
  45  4:38  Barracks  
  48  5:01  Marine x3  
  48  5:07  Siege Tank  
  54  5:09  Supply Depot  
  54  5:19  Marine x3  
  57  5:35  Supply Depot  
  57  5:38  Barracks Tech Lab  
  57  5:39  Siege Tank  
  56  6:10  Marine x3  
  56  6:11  Marine  
  60  6:12  Siege Tank  
  63  6:18  Combat Shields  
  63  6:27  Supply Depot  
  63  6:28  Marine x4  
  67  6:44  Siege Tank  
  67  6:46  Marine x4  
  74  7:12  Liberator  
  74  7:16  Siege Tank  
  77  7:28  Viking  
  82  7:33  Marine x3  
  82  7:34  Marine  
  85  7:51  Marine x2  
  85  7:56  Supply Depot  
  87  8:03  Supply Depot  
  87  8:18  Marine x4  
  91  8:20  Supply Depot  
  91  8:36  Marine  
  91  8:51  Liberator  
  91  9:07  Siege Tank  
  97  9:30  Supply Depot  
  97  9:34  Marine x4  
  101  9:39  Siege Tank  
  104  9:52  Marine x4  
  108  10:09  Marine  
  108  10:10  Marine  
  108  10:11  Siege Tank  
  116  11:51  Supply Depot  
Show
View Real Time Build Order
Export as new Build Order

A.I. 1 (Hard) Terran 

Build Orders: MMM Bio 

Get SALT Encoding   

  12  0:00  SCV  
  13  0:13  SCV  
  14  0:18  Supply Depot  
  14  0:25  SCV  
  15  0:40  SCV  
  16  0:43  Barracks  
  16  0:51  Refinery  
  16  0:52  SCV  
  18  1:04  SCV  
  18  1:16  SCV  
  19  1:22  Supply Depot  
  19  1:28  SCV  
  19  1:32  Marine  
  21  1:41  Barracks, Orbital Command  
  21  1:49  Refinery  
  21  1:51  Barracks Tech Lab  
  21  2:07  Supply Depot  
  21  2:08  Marine  
  22  2:27  Marauder  
  22  2:28  Marine  
  25  2:41  Supply Depot  
  25  2:45  Marine  
  25  2:48  Marauder  
  28  2:53  SCV  
  29  3:03  Marine  
  31  3:05  SCV  
  31  3:06  Engineering Bay  
  31  3:09  Marauder  
  33  3:17  SCV  
  34  3:21  Marine  
  34  3:25  Supply Depot  
  35  3:29  SCV  
  35  3:30  Marine  
  37  3:39  Marine  
  38  3:42  SCV  
  38  3:48  Marine  
  39  3:54  SCV  
  41  4:06  Marauder  
  43  4:58  Barracks Tech Lab  
  43  4:59  Reaper, Stimpack  
  44  5:01  Terran Infantry Weapons Level 1, Factory  
  44  5:04  Factory  
  44  5:06  Missile Turret  
  44  5:09  Command Center  
  44  5:16  Combat Shields  
  44  5:17  Marine  
  45  5:31  Marauder  
  45  5:33  Supply Depot  
  45  5:35  Marauder  
  49  5:40  Missile Turret  
  46  5:44  Factory Tech Lab  
  46  5:46  Starport  
  34  5:50  Factory Tech Lab, Starport  
  34  5:52  Marine  
  34  5:56  Marine  
  34  6:11  Marauder  
  36  6:14  Marauder  
  38  6:24  SCV  
  39  6:26  SCV  
  39  6:29  Refinery, Starport Tech Lab x2  
  39  6:31  Marine  
  41  6:35  Marine  
  41  6:36  SCV  
  41  6:38  SCV  
  44  6:43  Concussive Shells  
  44  6:47  Raven  
  44  6:49  SCV, Marine  
  44  6:50  SCV, Refinery  
  44  6:53  Marauder  
  51  6:55  Terran Infantry Armor Level 1  
  51  7:01  SCV  
  52  7:02  SCV  
  52  7:07  Raven  
  52  7:08  Bunker, Marauder  
  57  7:12  Missile Turret  
  57  7:13  SCV  
  57  7:14  Reaper  
  57  7:15  SCV  
  60  7:21  Missile Turret  
  60  7:25  SCV  
  60  7:27  SCV  
  60  7:28  Marine  
  63  7:34  Sensor Tower  
  63  7:37  SCV  
  63  7:39  SCV  
  65  7:44  Bunker  
  65  7:46  Marine  
  65  7:47  Marine  
  65  7:49  SCV  
  68  7:52  SCV, Armory  
  69  7:58  Supply Depot  
  69  8:01  SCV  
  69  8:04  SCV, Marine  
  72  8:13  SCV, Barracks  
  73  8:38  Marine  
  71  8:44  Marine  
  51  8:55  Marine  
  51  9:01  Barracks Reactor  
  51  9:02  Reaper  
  53  9:03  Medivac  
  53  9:12  Siege Tank  
  53  9:13  Marine  
  53  9:16  Widow Mine  
  59  9:19  Supply Depot, Medivac  
  59  9:32  Marauder  
  59  9:33  Medivac  
  59  9:35  Marauder  
  59  9:37  Marine  
  65  9:41  Marine  
  66  9:49  Raven  
  67  9:53  Marauder  
  67  9:55  Marine  
  67  9:56  Marine  
  65  10:00  Marine  
  65  10:05  SCV  
  56  10:08  Viking  
  56  10:14  Marine  
  41  10:15  Marine  
  41  10:20  Hellion  
  40  10:23  Marine  
  40  10:27  Hellion  
  36  10:32  Viking  
  25  11:11  SCV  
  25  11:23  SCV  
  25  11:36  Command Center  
Tags
 
Add a new tag
Caveats
  • Supply blocks, unpowered buildings, or Contaminate may cause inaccurate times.
  • Supply counts are checked every 10 seconds.